 Dungeon Crawl Stone Soup version 0.31.0-12-g77e489cdc1 (webtiles) character file.

Game seed: 14133509813873084407

34088 Gadfly the Blocker (level 13, -4/111 HPs)
             Began as an Armataur Fighter on Feb 29, 2024.
             Was a High Priest of the Shining One.
             Slain by a komodo dragon (11 damage)
             ... while petrified by a catoblepas
             ... on level 5 of the Lair of Beasts.
             The game lasted 00:22:54 (18120 turns).

Gadfly the Blocker (Armataur Fighter)              Turns: 18120, Time: 00:22:54

Health: -4/111     AC: 24    Str: 40    XL:     13   Next: 40%
Magic:  20/20      EV:  1    Int: 10    God:    the Shining One [*****.]
Gold:   1062       SH:  0    Dex: 12    Spells: 6/12 levels left

rFire   . . .        a - +2 whip (elec)
rCold   . . .        c - +0 buckler
rNeg    + + +        v - +8 chain mail of Kaekhlist {+Blink rElec Will+ Int+3}
rPois   ∞            (helmet restricted)
rElec   +            (no cloak)
rCorr   .            (no gloves)
SInv    .            F - +0 barding
Will    +....        E - amulet of reflection Stlth
                     o - +6 ring of strength
HPRegen 0.38/turn    M - +6 ring of strength
MPRegen 0.17/turn

%: reflection, roll
@: lethally poisoned (-4 -> -4), petrified, glowing
A: large, deformed body, tough skin 3, armoured tail, roll 2, antennae 1, strong
1, evolution 1
a: Renounce Religion, Evoke Blink, Divine Shield, Cleansing Flame, Summon Divine
Warrior


You were on level 5 of the Lair of Beasts.
You worshipped the Shining One.
The Shining One was extremely pleased with you.
You visited 3 branches of the dungeon, and saw 18 of its levels.

You collected 1062 gold pieces.

Inventory:

Hand Weapons
 a - a +2 whip of electrocution (weapon)
 b - a +2 mace of protection
 y - a +0 hand axe of flaming
 A - a +0 flail
Armour
 c - a +0 buckler (worn)
 i - a +1 helmet
 v - the +8 chain mail of Kaekhlist (worn) {+Blink rElec Will+ Int+3}
   (You found it on level 5 of the Dungeon)

   Int+3:     It affects your intelligence (+3).
   rElec:     It insulates you from electricity.
   Will+:     It increases your willpower.
   +Blink:    It lets you blink.
 F - a +0 barding (worn)
Jewellery
 e - a ring of ice
 m - a ring of poison resistance
 o - a +6 ring of strength (left hand)
 r - a ring of flight
 w - a ring of see invisible
 E - an amulet of reflection (around neck)
 G - a ring of positive energy
 K - a +5 ring of evasion
 M - a +6 ring of strength (right hand)
 O - an amulet of regeneration
Wands
 k - a wand of roots (18)
 n - a wand of paralysis (35)
 t - a wand of quicksilver (19)
 D - a wand of flame (7) (quivered)
 L - a wand of polymorph (4)
 N - a wand of mindburst (10)
Scrolls
 g - 3 scrolls of vulnerability
 l - 4 scrolls of teleportation
 s - a scroll of revelation
 z - a scroll of poison
 B - 4 scrolls of identify
 C - 2 scrolls of enchant armour
 H - 2 scrolls of butterflies
 I - 2 scrolls of silence
 J - a scroll of enchant weapon
 Q - 2 scrolls of fear
Potions
 d - 4 potions of might
 f - 13 potions of curing
 h - 2 potions of heal wounds
 j - 2 potions of lignification
 p - 3 potions of haste
 q - 4 potions of mutation
 u - 2 potions of attraction
 x - a potion of berserk rage
 P - 2 potions of resistance


   Skills:
 * Level 9.6 Fighting
 * Level 10.4 Maces & Flails
 + Level 10.2 Armour
 * Level 11.2 Shields
 + Level 9.3 Invocations
 + Level 9.3 Evocations


You had 6 spell levels left.
You knew the following spells:

 Your Spells              Type           Power      Damage    Failure   Level
a - Swiftness             Air            0%         N/A       97%         3
b - Passwall              Erth           0%         N/A       97%         3

Your spell library contained the following spells:

 Spells                   Type           Power      Damage    Failure   Level
 Magic Dart               Conj           0%         1d3       71%         1
 Summon Small Mammal      Summ           0%         N/A       71%         1
 Call Imp                 Summ           0%         N/A       83%         2
 Cigotuvi's Dreadful Rot  Necr/Alch/Air  0%         N/A       83%         2
 Ensorcelled Hibernation  Hex/Ice        0%         N/A       83%         2
 Searing Ray              Conj           0%         2d4       83%         2
 Static Discharge         Conj/Air       0%         3-3/arc   83%         2
 Sublimation of Blood     Necr           0%         N/A       83%         2
 Call Canine Familiar     Summ           0%         N/A       97%         3
 Ozocubu's Armour         Ice            0%         N/A       97%         3
 Tukima's Dance           Hex            0%         N/A       97%         3
 Airstrike                Air            0%         2d(0-16)  100%        4
 Dimensional Bullseye     Hex/Tloc       0%         N/A       100%        4
 Fulminant Prism          Conj/Alch      0%         3d5       100%        4
 Ignite Poison            Fire/Alch      0%         N/A       100%        4
 Iskenderun's Mystic Bla  Conj/Tloc      0%         2d3       100%        4
 Summon Blazeheart Golem  Fire/Summ      0%         N/A       100%        4
 Summon Lightning Spire   Summ/Air       0%         N/A       100%        4
 Freezing Cloud           Conj/Ice/Air   0%         6-21      100%        5
 Metabolic Englaciation   Hex/Ice        0%         N/A       100%        5
 Sculpt Simulacrum        Ice/Alch       0%         N/A       100%        6
 Orb of Destruction       Conj           0%         9d5       100%        7
 Spellforged Servitor     Conj/Summ      0%         N/A       100%        7
 Summon Hydra             Summ           0%         N/A       100%        7


Dungeon Overview and Level Annotations

Branches:
Dungeon (12/15)            Temple (1/1) D:4            Lair (5/5) D:10
 Shoals (0/4) Lair:2        Snake (0/4) Lair:3          Orc (0/2) D:12
  Slime: Lair:4-5

Altars:
Ashenzari
Cheibriados
Dithmenos
Elyvilon
Fedhas
Gozag
Hepliaklqana
Kikubaaqudgha
Makhleb
Nemelex Xobeh
Okawaru
Qazlal
Ru
Sif Muna
Trog
Uskayaw
Vehumet
Wu Jian
Xom
Yredelemnul
Zin
The Shining One

Shops:
D:1 *

Portals:
Trove: D:10 (give +1 storm dragon scales)

Annotations:
Lair:4 3 runed translucent doors, Kyusiynim's ghost, journeyman GnEn; monsoonserge's ghost, journeyman DjFE


Innate Abilities, Weirdness & Mutations

Armour fits poorly on your strangely shaped body.
You have extremely tough skin. (AC +3)
You have a long armoured tail.
You regenerate magic and health when rolling toward enemies. (Rampage Regen)
You have a pair of small antennae on your head.
Your muscles are strong. (Str +4, Int/Dex -1)
You have hidden genetic potential.


Message History

The water moccasin bites you but does no damage.
The catoblepas breathes a plume of calcifying dust at you.
The blast of calcifying dust hits the water moccasin!
The blast of calcifying dust hits you.
You are engulfed in calcifying dust.
The water moccasin is engulfed in calcifying dust.
The water moccasin stops moving altogether!
The water moccasin is engulfed in calcifying dust. x2
You are engulfed in calcifying dust.
The water moccasin is engulfed in calcifying dust.
The komodo dragon bites you!!
The water moccasin is engulfed in calcifying dust.
The catoblepas breathes a plume of calcifying dust at you.
The blast of calcifying dust hits you but does no damage.
The yak gores you but does no damage.
You are engulfed in calcifying dust.
The yak stops moving altogether!
The water moccasin is engulfed in calcifying dust.
The komodo dragon bites you.
The water moccasin is engulfed in calcifying dust.
The catoblepas gores you but does no damage.
The water moccasin is engulfed in calcifying dust.
The komodo dragon bites you!!
* * * LOW HITPOINT WARNING * * *
The water moccasin is engulfed in calcifying dust.
The catoblepas gores you but does no damage.
The water moccasin is engulfed in calcifying dust.
The water moccasin is engulfed in calcifying dust.
The komodo dragon bites you!
* * * LOW HITPOINT WARNING * * *
The water moccasin is engulfed in calcifying dust.
The catoblepas breathes a plume of calcifying dust at you.
The blast of calcifying dust hits you but does no damage.
You are engulfed in calcifying dust.
The komodo dragon bites you. The catoblepas gores you!!
* * * LOW HITPOINT WARNING * * *
You are engulfed in calcifying dust.
The komodo dragon bites you!!
* * * LOW HITPOINT WARNING * * *
The catoblepas gores you but does no damage.
You are engulfed in calcifying dust.
The komodo dragon bites you!!
You die...

#.......##
###......###
##.........#
#.........##
##......§..###
##.....##.§...#
#......##...FY###
###lSY#§#.......#
#.#@Y#.##....l......
###<..###...##.....#
#..#.# #..#.#.#.#.#
##...# #......l....
##.###P..#.#.#.#.#
### ###......<$.. .#
# #


You could see a catoblepas, a komodo dragon, a yak (petrified) and a water
moccasin (petrified).

Vanquished Creatures
  Josephine (D:11)
  A hydra (Lair:2)
  Erica (D:10)
  A boulder beetle (Lair:4)
  The ghost of AbbaRin the Destroyer, a journeyman DECj of Sif Muna (Lair:2)
  3 two-headed ogres
  4 death yaks
  Sonja (Lair:4)
  A skyshark (Lair:5)
  A deep troll (Lair:1)
  A salamander (Lair:3)
  An ugly thing (D:11)
  A manticore (D:12)
  2 cyclopes
  3 black mambas
  3 cane toads
  An unseen horror (D:11)
  3 komodo dragons
  A tengu conjurer (D:8)
  4 polar bears
  A queen bee (D:9)
  3 trolls
  5 blink frogs (Lair:3)
  4 shadows
  6 wraiths (D:11)
  43 yaks
  An air elemental (D:11)
  A vampire (D:8)
  5 basilisks
  3 wyverns
  A water elemental (D:11)
  Grum (D:10)
  A fire elemental (D:11)
  3 steam dragons
  6 vampire mosquitoes
  A naga (Lair:3)
  2 acid dragons
  13 water moccasins
  3 sky beasts
  An ice beast (D:6)
  3 orc warriors (D:8)
  An ogre (D:4)
  2 black bears
  10 centaurs
  7 wolves
  3 kobold brigands
  10 bullfrogs
  An earth elemental (D:11)
  A gnoll sergeant (D:9)
  2 scorpions
  5 wights
  14 killer bees
  6 howler monkeys
  2 jellies
  6 electric eels
  A bombardier beetle (D:5)
  7 orc priests
  A sleepcap (D:7)
  2 hounds
  2 iguanas
  9 orc wizards
  6 hell rats (Lair:4)
  7 gnolls
  11 adders
  3 shadow imps
  2 white imps (D:8)
  2 ufetubi (D:5)
  4 dart slugs
  2 ribbon worms
  21 orcs
  11 endoplasms
  3 giant cockroaches
  8 goblins
  5 hobgoblins
  6 jackals
  4 quokkas
  4 ball pythons
  3 bats
  A frilled lizard (D:1)
  17 kobolds
  7 rats
361 creatures vanquished.

Vanquished Creatures (others)
  An orc (D:7)
1 creature vanquished.

Grand Total: 362 creatures vanquished

Notes
Turn   | Place    | Note
-------+----------+-------------------------------------------
     0 | D:1      | Gadfly the Armataur Fighter began the quest for the Orb.
     0 | D:1      | Reached XP level 1. HP: 18/18 MP: 1/1
   249 | D:1      | Found Ysuattoph's General Store.
   694 | D:2      | Reached XP level 2. HP: 18/25 MP: 2/2
   898 | D:2      | Reached skill level 1 in Evocations
   939 | D:2      | Reached skill level 1 in Invocations
   939 | D:2      | Reached XP level 3. HP: 28/30 MP: 3/3
  1209 | D:2      | Found a faded altar of an unknown god.
  1668 | D:3      | Reached XP level 4. HP: 34/38 MP: 5/5
  1731 | D:3      | Reached XP level 5. HP: 20/45 MP: 6/6
  2917 | D:4      | Noticed an ogre
  2922 | D:4      | Killed an ogre
  2923 | D:4      | Reached XP level 6. HP: 34/51 MP: 6/8
  3033 | D:4      | Found a staircase to the Ecumenical Temple.
  3057 | Temple   | Entered the Ecumenical Temple
  3066 | Temple   | Became a worshipper of the Shining One
  3082 | D:4      | Reached skill level 4 in Shields
  3203 | D:5      | Entered Level 5 of the Dungeon
  3548 | D:5      | Gained mutation: You regenerate magic and health when
                  | rolling toward enemies. (Rampage Regen) [Armataur growth]
  3548 | D:5      | Reached XP level 7. HP: 49/57 MP: 9/9
  3886 | D:5      | Identified the +8 chain mail of Kaekhlist {+Blink rElec
                  | Will+ Int+3}
  4489 | D:6      | Found a white marble altar of Elyvilon.
  4499 | D:6      | Identified the +0 robe "Piwnupn" {rElec rN+ Str+3 Int+2}
  4588 | D:6      | Reached skill level 5 in Armour
  4912 | D:6      | Found a burning altar of Makhleb.
  4916 | D:6      | Found a snail-covered altar of Cheibriados.
  5340 | D:7      | Reached XP level 8. HP: 66/66 MP: 11/11
  5584 | D:7      | Reached * piety under the Shining One
  5594 | D:7      | Reached skill level 5 in Shields
  5631 | D:7      | Reached skill level 5 in Invocations
  5638 | D:7      | Reached skill level 5 in Maces & Flails
  5638 | D:7      | Reached skill level 5 in Evocations
  6476 | D:8      | Reached XP level 9. HP: 72/72 MP: 12/12
  6676 | D:8      | Noticed a two-headed ogre
  6693 | D:8      | Killed a two-headed ogre
  7164 | D:8      | Reached skill level 5 in Fighting
  7276 | D:8      | Reached ** piety under the Shining One
  7281 | D:8      | Noticed a tengu conjurer
  7319 | D:8      | Killed a tengu conjurer
  7320 | D:8      | Reached skill level 6 in Shields
  7518 | D:8      | Reached XP level 10. HP: 18/81 MP: 14/14
  8074 | D:8      | Noticed a two-headed ogre
  8085 | D:8      | Killed a two-headed ogre
  9188 | D:9      | Reached skill level 7 in Shields
  9270 | D:10     | Entered Level 10 of the Dungeon
  9337 | D:10     | Noticed Grum
  9345 | D:10     | Killed Grum
  9439 | D:10     | Reached XP level 11. HP: 80/91 MP: 16/16
  9502 | D:10     | Reached *** piety under the Shining One
  9654 | D:10     | Noticed Erica
  9661 | D:10     | Killed Erica
  9803 | D:10     | Found a portal to a secret trove of treasure.
  9808 | D:10     | Noticed a two-headed ogre
  9835 | D:10     | Killed a two-headed ogre
  9836 | D:10     | Reached skill level 8 in Shields
 10173 | D:10     | Found a staircase to the Lair.
 10558 | D:11     | Found a large runed translucent door.
 10558 | D:11     | Found a large runed translucent door.
 10816 | D:11     | Identified the ring of Wiufesch {Str+3 Int+6}
 10880 | D:11     | Noticed Josephine
 10911 | D:11     | Killed Josephine
 10918 | D:11     | Reached **** piety under the Shining One
 11167 | D:11     | Noticed a brown ugly thing
 11176 | D:11     | Killed a brown ugly thing
 11493 | D:11     | Reached skill level 9 in Shields
 11967 | D:12     | Reached XP level 12. HP: 101/101 MP: 18/18
 12238 | D:12     | Found a staircase to the Orcish Mines.
 12352 | D:12     | Gained mutation: You have a pair of small antennae on your
                  | head. [potion of mutation]
 12352 | D:12     | Gained mutation: You have hidden genetic potential. [potion
                  | of mutation]
 12357 | D:12     | Learned a level 3 spell: Swiftness
 12361 | D:12     | Learned a level 3 spell: Passwall
 12457 | Lair:1   | Entered Level 1 of the Lair of Beasts
 13753 | Lair:2   | Found a staircase to the Shoals.
 13768 | Lair:2   | Identified the +5 scale mail "Pukoitir" {rElec Will+}
 13936 | Lair:2   | Noticed a four-headed hydra
 13950 | Lair:2   | Killed a one-headed hydra
 13951 | Lair:2   | Reached skill level 10 in Shields
 14100 | Lair:2   | Found a runed translucent door.
 14105 | Lair:2   | Noticed AbbaRin's ghost (journeyman DECj)
 14484 | Lair:2   | Killed AbbaRin's ghost
 15746 | Lair:3   | Found a staircase to the Snake Pit.
 15987 | Lair:4   | Noticed a death yak
 16005 | Lair:4   | Killed a death yak
 16006 | Lair:4   | Reached XP level 13. HP: 90/111 MP: 19/19
 16310 | Lair:4   | Reached skill level 10 in Maces & Flails
 16371 | Lair:4   | Found a runed translucent gate.
 16371 | Lair:4   | Found a runed translucent gate.
 16385 | Lair:4   | Found a runed translucent gate.
 16390 | Lair:4   | Noticed Kyusiynim's ghost (journeyman GnEn)
 16390 | Lair:4   | Noticed monsoonserge's ghost (journeyman DjFE)
 16416 | Lair:4   | Gained mutation: Your muscles are strong. (Str +4, Int/Dex
                  | -1) [hidden potential]
 16674 | Lair:4   | Noticed Sonja
 16687 | Lair:4   | Killed Sonja
 16688 | Lair:4   | Reached skill level 10 in Armour
 16839 | Lair:4   | Reached ***** piety under the Shining One
 17060 | Lair:4   | Reached skill level 11 in Shields
 17797 | Lair:5   | Entered Level 5 of the Lair of Beasts
 18120 | Lair:5   | Slain by a komodo dragon

Illustrated notes

Levels and vault maps discovered:
D:1:      evilmike_arrival_plus, layout_loops_ring, serial_shops,
          nicolae_shop_window_shopping, hangedman_decor_riveting
D:2:      layout_loops_ring, shapermc_ecumenical_altar_notcrosses,
          kennysheep_generic_room_5
D:3:      layout_basic, minmay_circle_x
D:4:      layout_loops_ring, minmay_temple_entry_metal_lava, serial_forest,
          infiniplex_forest_clump_small, infiniplex_forest_lined_3,
          infiniplex_forest_lined_room_2, infiniplex_forest_lined_2,
          infiniplex_forest_clump_medium, infiniplex_forest_clump_C,
          infiniplex_forest_clump_tiny
D:5:      layout_basic, chequers_serial_rivers_micro_d
D:6:      layout_basic, mainiacjoe_overflow_catch_the_wave, elyvilon_altar_3
D:7:      kennysheep_steamy, layout_loops_ring,
          eino_small_chamber_without_monster,
          serial_library_hellmonk_long_bookcase
D:8:      layout_basic, nzn_random_ring
D:9:      layout_rooms, nicolae_looking_at_the_future
D:10:     layout_basic, lair_entry_dummy, nicolae_trove_entry_isolated,
          uniq_erica, uniq_grum
D:11:     layout_stronghold, lightli_elemental_guards, uniq_josephine
D:12:     layout_cave_pools, orc_0_dummy
Temple:   compressed_dpeg_triangle_lava_temple
Lair:1:   dreamdust_cave_troll, layout_layer_cave
Lair:2:   layout_loops_ring, shoals_dummy_entry, ebering_ghost_inner_flame,
          nicolae_quartered_pool_super, infiniplex_staircase_pool
Lair:3:   layout_layer_cave, alex1729_snake_entry_snake
Lair:4:   beast_lair_carwin_large_3, layout_layer_cave,
          gammafunk_ghost_cemetery, uniq_sonja
Lair:5:   evilmike_catoblepas_cave, layout_cave_pods, dpeg_slime_entry_enclosed,
          st_stairs_9, nicolae_lair_lil_pond, serial_bayou_pond_a

Skill      XL: |  1  2  3  4  5  6  7  8  9 10 11 12 13 |
---------------+----------------------------------------+-----
Maces & Flails | 2 3 4 5 6 7 8 9 10 | 10.4
Evocations     | 1 2 3 4 5 6 7 8 9 |  9.3
Invocations    | 1 2 3 4 5 6 7 8 9 |  9.3
Fighting       | 3 4 5 6 7 9 |  9.6
Armour         | 4 5 6 7 8 9 10 | 10.2
Shields        | 4 5 6 7 9 10 11 | 11.2

Action                     |  1- 3 |  4- 6 |  7- 9 | 10-12 | 13-15 || total
---------------------------+-------+-------+-------+-------+-------++-------
  Melee: Flail             |   109 |   165 |   211 |       |       ||   485
         Tailslap          |    15 |    24 |    65 |   174 |    56 ||   334
         Mace              |       |       |   103 |   143 |    44 ||   290
         Whip              |       |       |       |   649 |   161 ||   810
         Hand axe          |       |       |       |     8 |       ||     8
 Invoke: Divine Shield     |       |       |       |       |     1 ||     1
  Evoke: Wand              |       |       |       |     8 |     2 ||    10
    Use: Scroll            |     5 |     5 |     3 |    10 |       ||    23
         Potion            |     2 |       |     1 |     1 |     2 ||     6
 Armour: Scale mail        |    86 |    32 |       |       |       ||   118
         Chain mail        |       |   109 |   382 |   583 |   153 ||  1227
  Dodge: Dodged            |    45 |    48 |   101 |   152 |    27 ||   373
  Block: Buckler           |    22 |    53 |    98 |   300 |    96 ||   569
         Reflection        |       |       |       |    19 |       ||    19
